 Dungeon Crawl Stone Soup version 0.29-a0-887-gcbe080d7e0 (webtiles) character file.

Game seed: 8887700261275380772

52949 greasedhog the Basher (level 14, -2/88 HPs)
             Began as a Gargoyle Monk on July 21, 2022.
             Was a High Priest of Qazlal.
             Slain by a death yak (18 damage)
             ... on level 5 of the Lair of Beasts.
             The game lasted 00:40:56 (17119 turns).

greasedhog the Basher (Gargoyle Monk)              Turns: 17119, Time: 00:40:57

Health: -2/88      AC: 34    Str: 16    XL:     14   Next: 66%
Magic:  13/21      EV:  6    Int: 16    God:    Qazlal [*****.]
Gold:   886        SH: 19    Dex: 10    Spells: 13/13 levels left

rFire   + + +      SeeInvis .   V - +3 whip "Utiomiol" {vorpal, rElec rF+ Int+4 Dex-2}
rCold   + . .      Faith    .   W - +2 kite shield
rNeg    + + .      Spirit   .   N - +0 plate armour
rPois   ∞          Reflect  .   P - +1 hat
rElec   +          Harm     .   (no cloak)
rCorr   .          Rampage  .   a - +4 pair of gloves of Ruskun {rF+ rC+ Str-3 Slay+2}
Will    +....                   (no boots)
Stlth   ..........              n - amulet of regeneration
HPRegen 1.04/turn               U - ring of Brawling {Drain rElec rF+ Slay+2}
MPRegen 0.17/turn               e - ring of positive energy

@: protected from physical damage, flying, repel missiles
A: sickness immunity, AC +10, big wings, negative energy resistance 1,
electricity resistance, torment resistance 1, petrification resistance
a: Renounce Religion, Upheaval, Elemental Force, Disaster Area


You were on level 5 of the Lair of Beasts.
You worshipped Qazlal.
Qazlal was extremely pleased with you.
You visited 3 branches of the dungeon, and saw 18 of its levels.
You also visited: Ossuary and Gauntlet.

You collected 1387 gold pieces.
You spent 501 gold pieces at shops.

Inventory:

Hand Weapons
 y - a +0 morningstar of holy wrath
 V - the +3 whip "Utiomiol" (weapon) {vorpal, rElec rF+ Int+4 Dex-2}
   (You found it on level 10 of the Dungeon)

   It inflicts extra damage upon your enemies.
   Int:       It affects your intelligence (+4).
   Dex:       It affects your dexterity (-2).
   rF:        It protects you from fire.
   rElec:     It insulates you from electricity.
Missiles
 p - 4 boomerangs of dispersal
 u - 24 poisoned darts (quivered)
Armour
 a - the +4 pair of gloves of Ruskun (worn) {rF+ rC+ Str-3 Slay+2}
   (You acquired it on level 3 of the Dungeon)

   Str:       It affects your strength (-3).
   Slay:      It affects your accuracy & damage with ranged weapons and melee
   (+2).
   rF:        It protects you from fire.
   rC:        It protects you from cold.
 N - a +0 plate armour (worn)
 P - a +1 hat (worn)
 W - a +2 kite shield (worn)
Jewellery
 e - a ring of positive energy (right hand)
 n - an amulet of regeneration (around neck)
 B - an amulet of reflection
 U - the ring of Brawling (left hand) {Drain rElec rF+ Slay+2}
   (You bought it in a shop on level 9 of the Dungeon)

   [ring of protection from fire]

   Slay:      It affects your accuracy & damage with ranged weapons and melee
   (+2).
   rF:        It protects you from fire.
   rElec:     It insulates you from electricity.
   Drain:     It drains your maximum health when unequipped.
 X - a ring of protection from cold
Wands
 h - a wand of paralysis (10)
 r - a wand of mindburst (15)
 s - a wand of flame (50)
 v - a wand of roots (26)
 A - a wand of digging (6)
 R - a wand of polymorph (14)
Scrolls
 i - 3 scrolls of poison
 j - 9 scrolls of identify
 m - 4 scrolls of fear
 o - a scroll of magic mapping
 q - 4 scrolls of brand weapon
 t - 6 scrolls of enchant weapon
 w - 2 scrolls of amnesia
 C - 5 scrolls of blinking
 E - 4 scrolls of enchant armour
 G - 5 scrolls of teleportation
 J - 2 scrolls of fog
 L - a scroll of summoning
 T - 2 scrolls of torment
Potions
 b - 4 potions of resistance
 d - 2 potions of invisibility {unknown}
 f - 4 potions of brilliance
 g - 2 potions of mutation {unknown}
 k - 2 potions of berserk rage {unknown}
 l - a potion of haste {unknown}
 z - 4 potions of flight {unknown}
 D - a potion of magic {unknown}
 F - 6 potions of heal wounds {unknown}
 H - 7 potions of curing
 I - 3 potions of lignification {unknown}
 K - a potion of might
 M - a potion of attraction {unknown}
 Q - a potion of ambrosia
Miscellaneous
 c - a lightning rod (3/4)
 x - a piece from Xom's chessboard (15/15)


   Skills:
 - Level 10.0 Fighting
 - Level 12.4 Maces & Flails
 - Level 10.0 Armour
 * Level 9.5 Dodging
 - Level 2.1 Stealth
 - Level 10.0 Shields
 - Level 10.1 Invocations
 * Level 7.8 Evocations


You had 13 spell levels left.
You didn't know any spells.
Your spell library contained the following spells:

 Spells                   Type           Power      Damage    Failure   Level
 Sandblast                Erth           0%         2d4       100%        1
 Shock                    Conj/Air       0%         1d3       100%        1
 Passwall                 Tmut/Erth      0%         N/A       100%        2
 Static Discharge         Conj/Air       0%         3-3/arc   100%        2
 Stone Arrow              Conj/Erth      0%         3d7       100%        3
 Swiftness                Air            0%         N/A       100%        3
 Airstrike                Air            0%         0-1+      100%        4
 Animate Armour           Summ/Erth      0%         N/A       100%        4
 Dispel Undead            Necr           0%         3d6       100%        4
 Leda's Liquefaction      Hex/Erth       0%         N/A       100%        4
 Sticky Flame             Conj/Fire      0%         2d3       100%        4
 Lee's Rapid Deconstruct  Erth           0%         3d5*      100%        5
 Lehudib's Crystal Spear  Conj/Erth      0%         10d2      100%        8
 Statue Form              Tmut/Erth      Unusable   N/A       N/A         6

Dungeon Overview and Level Annotations

Branches:
Dungeon (12/15)            Temple (1/1) D:4            Lair (5/5) D:8
 Shoals (0/4) Lair:3        Snake (0/4) Lair:2        Slime (0/5) Lair:5
    Orc (0/2) D:12        Ossuary (visited)         Gauntlet (visited)

Altars:
Ashenzari
Cheibriados
Dithmenos
Elyvilon
Fedhas
Gozag
Hepliaklqana
Kikubaaqudgha
Makhleb
Nemelex Xobeh
Okawaru
Qazlal
Ru
Sif Muna
Trog
Uskayaw
Vehumet
Wu Jian
Xom
Yredelemnul
Zin
The Shining One
Jiyva

Shops:
D:1 =   D:9 =

Annotations:
D:9 1 runed translucent door, exclusion: 3 oklob plants, killozap's ghost, novice TeAE


Innate Abilities, Weirdness & Mutations

You are immune to sickness and miasma.
Your stone body is resilient. (AC +10)
You are immune to poison.
Your large and strong wings let you fly.
You resist negative energy. (rN+)
You are resistant to electric shocks. (rElec)
You are resistant to unholy torment.
You are immune to petrification.


Message History

The death yak is lightly wounded.
Unknown command.
You hit the death yak but do no damage.
The death yak is heavily wounded.
The catoblepas gores you!
The death yak is engulfed in freezing vapours.
The death yak gores you.
You feel more protected from physical attacks.
The death yak is engulfed in blazing flames.
You block the death yak's attack.
Aiming: Upheaval
Press: ? - help, Dir - move target, f/p - death yak
Aim: a death yak (almost dead)
A storm cloud blasts the area with cutting wind!
The cutting wind hits the death yak!!!
You kill the death yak!
Qazlal accepts your kill.
The cutting wind hits the death yak!!
The death yak is heavily wounded.
You block the death yak's attack.
The catoblepas breathes a plume of calcifying dust at you.
The blast of calcifying dust hits you but does no damage.
The death yak is engulfed in freezing vapours.
You block the death yak's attack.
Aiming: Paralyse
Press: ? - help, Shift-Dir - straight line, f - catoblepas
Aim: a catoblepas (chance to affect: 8%)
The catoblepas resists with almost no effort.
The death yak is engulfed in freezing vapours.
The death yak barely misses you. You block the catoblepas's attack.
The death yak gores you but does no damage.
Aiming: Thunderbolt
Press: ? - help, Shift-Dir - straight line, p - catoblepas The thunderbolt hits the death yak!
The death yak is almost dead.
The death yak is engulfed in freezing vapours.
You block the death yak's attack. The catoblepas gores you!!
* * * LOW HITPOINT WARNING * * *
The death yak gores you!!
You die...

###### ##..÷......Y...
###....## ###
##.....†#######.
....##..###.## #...Y.###
##
...........[.#####...###
....#........#.##..###
....##........##..##
......#.......#...#
....###.......#YY##
.....##......##Y@#
..#P.#....†.##.°.#
#.....####.♣°##
##..######....#
##P..##.##.÷...##
#..†##.##.P.....#
###††###........P..#
#..†.#...P.......÷..
###...###÷.P.......##


You could see 2 death yaks and a catoblepas.

Vanquished Creatures
  Josephine (Lair:4)
  3 hydras
  A boulder beetle (Lair:2)
  4 two-headed ogres
  3 death yaks (Lair:5)
  A slime creature (D:12)
  A fire crab (Lair:3)
  5 skeletal warriors
  Pikel (D:5)
  3 manticores
  An ugly thing (D:12)
  20 elephants
  5 black mambas
  A torpor snail (Lair:5)
  12 cane toads
  2 gargoyles (D:11)
  A rime drake (Lair:1)
  An unseen horror (D:12)
  9 komodo dragons
  2 burning bushes (Lair:5)
  3 trolls
  A polar bear (Lair:5)
  A hornet (D:8)
  18 blink frogs
  2 shadows
  5 wraiths
  56 yaks
  4 wyverns
  3 steam dragons
  4 basilisks
  A naga (Lair:2)
  Duvessa (D:7)
  2 acid dragons
  A floating eye (D:9)
  5 water moccasins
  6 black bears
  2 sky beasts
  7 ice beasts
  7 orc warriors
  7 wolves
  7 centaurs
  2 phantoms (D:5)
  3 kobold brigands
  10 bullfrogs
  2 necrophages
  A gnoll sergeant (D:5)
  6 scorpions
  10 wights
  Dowan (D:7)
  6 killer bees
  A howler monkey (D:8)
  6 orc priests
  3 jellies
  5 hounds
  2 gnoll boudas
  7 iguanas
  12 orc wizards
  7 hell rats
  3 mummies (Ossuary)
  8 gnolls
  14 adders
  10 river rats (Lair:1)
  A shadow imp (D:7)
  A white imp (D:6)
  3 adder zombies (Ossuary)
  A worm (D:5)
  8 dart slugs
  83 orcs
  13 ball pythons
  6 bats
  5 endoplasms
  6 giant cockroaches
  2 gnoll zombies (Ossuary)
  14 goblins
  A hobgoblin (D:4)
  5 jackals (D:4)
  13 kobolds
  3 quokkas
  4 frilled lizards
  3 goblin zombies (Ossuary)
  2 hobgoblin zombies
  A jackal zombie (D:6)
  5 kobold zombies (Ossuary)
  2 quokka zombies (Ossuary)
  6 rats
  2 rat zombies (Ossuary)
  A spectral orc (D:10)
  A butterfly (Lair:3)
531 creatures vanquished.

Vanquished Creatures (collateral kills)
  A boulder beetle (Lair:4)
  A cane toad (Lair:4)
  A komodo dragon (Lair:4)
  A water moccasin (Lair:4)
4 creatures vanquished.

Vanquished Creatures (others)
  A black mamba (Lair:5)
  8 demonic plants (Gauntlet)
  21 fungi
  27 plants
  A withered plant (D:5)
58 creatures vanquished.

Grand Total: 593 creatures vanquished

Notes
Turn   | Place    | Note
-------+----------+-------------------------------------------
     0 | D:1      | greasedhog the Gargoyle Monk began the quest for the Orb.
     0 | D:1      | Reached XP level 1. HP: 14/14 MP: 1/1
   126 | D:1      | Reached XP level 2. HP: 19/19 MP: 2/2
   430 | D:1      | Reached XP level 3. HP: 23/23 MP: 3/3
   840 | D:1      | Found Pyassyd's Jewellery Emporium.
  1107 | D:2      | Reached XP level 4. HP: 28/28 MP: 4/4
  1125 | D:2      | Found a faded altar of an unknown god.
  1136 | D:2      | Reached skill level 4 in Maces & Flails
  1266 | D:2      | Found a radiant altar of Vehumet.
  1979 | D:3      | Identified a scroll of acquirement
  1979 | D:3      | Acquired the +4 pair of gloves of Ruskun {rF+ rC+ Str-3
                  | Slay+2}
  2185 | D:3      | Reached XP level 5. HP: 32/32 MP: 5/5
  3232 | D:4      | Reached skill level 5 in Maces & Flails
  3368 | D:4      | Reached XP level 6. HP: 37/37 MP: 6/6
  3385 | D:4      | Found a staircase to the Ecumenical Temple.
  3391 | Temple   | Entered the Ecumenical Temple
  3508 | Temple   | Became a worshipper of Qazlal Stormbringer
  3508 | Temple   | Reached * piety under Qazlal
  3508 | Temple   | Reached ** piety under Qazlal
  3737 | D:4      | Reached skill level 1 in Evocations
  4164 | D:5      | Entered Level 5 of the Dungeon
  4203 | D:5      | Reached XP level 7. HP: 33/41 MP: 7/7
  4245 | D:5      | Reached skill level 6 in Maces & Flails
  4457 | D:5      | Noticed Pikel
  4485 | D:5      | Killed Pikel
  4485 | D:5      | Reached *** piety under Qazlal
  4486 | D:5      | Reached skill level 7 in Maces & Flails
  4486 | D:5      | Reached XP level 8. HP: 37/46 MP: 8/8
  4522 | D:5      | Found a blossoming altar of Fedhas.
  4524 | D:5      | Found an ancient bone altar of Kikubaaqudgha.
  4602 | D:5      | Reached skill level 5 in Evocations
  4646 | D:5      | Reached skill level 8 in Maces & Flails
  4943 | D:5      | Reached skill level 5 in Fighting
  4943 | D:5      | Reached XP level 9. HP: 54/54 MP: 9/9
  5769 | D:6      | Reached skill level 1 in Shields
  5784 | D:6      | Reached skill level 9 in Maces & Flails
  5786 | D:6      | Found a sand-covered staircase.
  5801 | Ossuary  | Entered an ossuary
  5830 | Ossuary  | Reached **** piety under Qazlal
  6534 | D:6      | Noticed a two-headed ogre
  6539 | D:6      | Killed a two-headed ogre
  6540 | D:6      | Reached skill level 10 in Maces & Flails
  6540 | D:6      | Reached skill level 5 in Shields
  6836 | D:6      | Reached skill level 1 in Invocations
  6836 | D:6      | Reached XP level 10. HP: 59/59 MP: 10/10
  6889 | D:6      | Noticed a manticore
  6898 | D:6      | Killed a manticore
  6986 | D:6      | Reached ***** piety under Qazlal
  7012 | D:6      | Reached skill level 11 in Maces & Flails
  7259 | D:7      | Reached skill level 5 in Invocations
  7275 | D:7      | Noticed Duvessa
  7281 | D:7      | Noticed Dowan
  7295 | D:7      | Killed Duvessa
  7297 | D:7      | Killed Dowan
  7676 | D:7      | Acquired a +0 morningstar of holy wrath
  7863 | D:8      | Noticed a manticore
  7884 | D:8      | Killed a manticore
  8098 | D:8      | Found a staircase to the Lair.
  8104 | D:8      | Noticed an elephant
  8118 | D:8      | Reached skill level 12 in Maces & Flails
  8118 | D:8      | Reached XP level 11. HP: 64/64 MP: 16/16
  8165 | D:8      | Noticed a two-headed ogre
  8169 | D:8      | Killed a two-headed ogre
  8504 | D:8      | Found a sparkling altar of Nemelex Xobeh.
  8814 | D:9      | Reached skill level 1 in Armour
  8833 | D:9      | Found Suuklubb's Jewellery Emporium.
  8841 | D:9      | Bought the ring of Brawling {Drain rElec rF+ Slay+2} for
                  | 501 gold pieces
  8877 | D:9      | Noticed an oklob plant
  8918 | D:9      | Noticed killozap's ghost (novice TeAE)
  8921 | D:9      | Found a runed translucent door.
  9036 | D:9      | Paralysed by a floating eye for 4 turns
  9045 | D:9      | Noticed an oklob plant
  9115 | D:9      | Noticed an oklob plant
  9229 | D:9      | Found a shimmering blue altar of Sif Muna.
  9229 | D:9      | Found a glowing golden altar of the Shining One.
  9287 | D:9      | Identified the +1 leather armour "Jazyuw Futyrgh" {Drain
                  | +Blink Slay+4}
  9502 | D:10     | Entered Level 10 of the Dungeon
  9502 | D:10     | Found a white marble altar of Elyvilon.
  9517 | D:10     | Identified the +3 whip "Utiomiol" {vorpal, rElec rF+ Int+4
                  | Dex-2}
 10136 | D:10     | Found a basalt altar of Yredelemnul.
 10463 | D:11     | Reached skill level 5 in Armour
 10471 | D:11     | Reached skill level 10 in Invocations
 10528 | D:11     | Identified the +1 leather armour of Misanthropy {Harm Drain
                  | rN+++ Dex-3}
 10781 | D:11     | Reached XP level 12. HP: 69/69 MP: 19/19
 10932 | D:12     | Found a gate leading to a gauntlet.
 10946 | D:12     | Noticed a two-headed ogre
 10964 | D:12     | Killed a two-headed ogre
 11020 | Gauntlet | Entered a Gauntlet
 11020 | Gauntlet | Noticed a hell hog
 11020 | Gauntlet | Found a transporter.
 11030 | Gauntlet | Found a transporter.
 11032 | Gauntlet | Found a transporter.
 11033 | Gauntlet | Found a transporter.
 11036 | Gauntlet | Found a transporter.
 11044 | Gauntlet | Found a transporter.
 11044 | Gauntlet | Noticed a thrashing horror
 11047 | Gauntlet | Found a transporter.
 11047 | Gauntlet | Found a transporter.
 11050 | Gauntlet | Noticed a hell hog
 11411 | D:12     | Reached ****** piety under Qazlal
 11446 | D:12     | Noticed a two-headed ogre
 11456 | D:12     | Killed a two-headed ogre
 11484 | D:12     | Paralysed by an orc for 4 turns
 11775 | D:12     | Found a staircase to the Orcish Mines.
 12103 | Lair:1   | Entered Level 1 of the Lair of Beasts
 12159 | Lair:1   | Reached skill level 10 in Fighting
 12159 | Lair:1   | Reached skill level 10 in Armour
 12159 | Lair:1   | Reached XP level 13. HP: 56/82 MP: 20/20
 12412 | Lair:1   | Reached skill level 5 in Dodging
 12980 | Lair:2   | Found a staircase to the Snake Pit.
 13125 | Lair:2   | You fall into a shaft and drop 1 floor!
 14174 | Lair:3   | Found a staircase to the Shoals.
 15435 | Lair:4   | Noticed Josephine
 15440 | Lair:4   | Killed Josephine
 15441 | Lair:4   | Reached skill level 10 in Shields
 15441 | Lair:4   | Gained mutation: Your large and strong wings let you fly.
                  | [Gargoyle growth]
 15441 | Lair:4   | Reached XP level 14. HP: 86/88 MP: 11/21
 16094 | Lair:5   | Entered Level 5 of the Lair of Beasts
 16175 | Lair:5   | Identified the +6 war axe "Fatija" {elec, Will++ Int+4
                  | Stlth-}
 16932 | Lair:5   | Found a staircase to the Slime Pits.
 16933 | Lair:5   | Found a viscous altar of Jiyva.
 17119 | Lair:5   | Slain by a death yak

Illustrated notes

Levels and vault maps discovered:
D:1:      saegor_arrival_simple_a, layout_basic, serial_shops, shop
D:2:      layout_rooms, nicolae_ecumenical_snake_handling, basic_altar,
          grunt_ministairs_10, minmay_misc_feat_diagonals
D:3:      layout_basic, grunt_decor_one_mirror
D:4:      minmay_evil_eye, layout_cave_pods, minmay_temple_entry_ruins,
          chequers_serial_rivers_marsh
D:5:      minmay_chambers_of_threes, layout_basic,
          grunt_temple_overflow_growth_and_decay, minmay_starry_boxes,
          uniq_pikel
D:6:      kennysheep_windowed_halls, layout_basic, enter_ossuary_3,
          roderic_lattice_a
D:7:      layout_loops_cross, uniq_duvessa
D:8:      layout_gridville, lemuel_coloured_pillars_altar, david_lair_generic
D:9:      layout_basic, mainiacjoe_overflow_divided_tiny,
          hellmonk_ghost_happy_afterlife, serial_shops, nicolae_shop_stone,
          grunt_decor_arrowhead, disabler_island
D:10:     layout_basic, mainiacjoe_overflow_catwalk,
          yredelemnul_forgotten_temple_becter
D:11:     layout_gridville
D:12:     layout_basic, hiddenorc2_lemuel, gauntlet_entry_generic
Temple:   nicolae_temple_superstar
Lair:1:   layout_loops_ring, kennysheep_rathole
Lair:2:   layout_chaotic_city, guppyfry_snake_entry_garden
Lair:3:   layout_cave_pods, minmay_shoals_entry_centaurs,
          chequers_serial_rivers_marsh, lemuel_fruit_fields
Lair:4:   layout_cave_pods, grunt_megastairs_2, lemuel_fruit_tree,
          infiniplex_staircase_pool_2, serial_bayou_shore_b, uniq_josephine
Lair:5:   grunt_lair_end_beastmaster, layout_cave_pods, slime_entry_1,
          evilmike_ambush [evilmike_ambush_outer_pillars,
          evilmike_ambush_inner_wall_2]

Skill      XL: |  1  2  3  4  5  6  7  8  9 10 11 12 13 14 |
---------------+-------------------------------------------+-----
Dodging        | 3 4 7 9 |  9.5
Maces & Flails | 4 5 7 8 10 12 | 12.4
Evocations     | 2 4 5 7 |  7.8
Fighting       | 5 10 | 10.0
Shields        | 5 10 | 10.0
Invocations    | 1 6 10 | 10.1
Armour         | 5 10 | 10.0
Stealth        | |  2.1

Action                   |  1- 3 |  4- 6 |  7- 9 | 10-12 | 13-15 || total
-------------------------+-------+-------+-------+-------+-------++-------
Melee: Mace              |    91 |    69 |       |       |       ||   160
       Flail             |       |   196 |   235 |   139 |       ||   570
       Punch             |       |     5 |     1 |       |       ||     6
       Whip              |       |       |    32 |   648 |   891 ||  1571
       Morningstar       |       |       |       |   169 |     6 ||   175
Throw: Dart              |       |       |     1 |     3 |       ||     4
Invok: Upheaval          |       |       |       |     8 |    14 ||    22
       Disaster Area     |       |       |       |     1 |     1 ||     2
       Elemental Force   |       |       |       |       |     1 ||     1
Evoke: Wand              |       |       |     7 |    12 |     1 ||    20
       Piece from Xom's  |       |       |       |     1 |       ||     1
       Lightning rod     |       |       |       |       |     1 ||     1
  Use: Scroll            |       |     7 |     7 |     5 |     1 ||    20
       Potion            |       |       |     1 |       |     1 ||     2
 Stab: Sleeping          |     6 |     3 |       |       |       ||     9
       Paralysed         |       |       |       |       |     4 ||     4
       Petrified         |       |       |       |       |    13 ||    13
Armor: Robe              |    32 |    38 |       |       |       ||    70
       Chain mail        |       |   114 |   136 |       |       ||   250
       Plate armour      |       |       |    18 |   310 |   316 ||   644
Dodge: Dodged            |    68 |   129 |    63 |    92 |    93 ||   445
       Repelled          |       |       |       |       |     2 ||     2
Block: Other             |       |     5 |    16 |       |       ||    21
       Buckler           |       |       |    48 |   204 |       ||   252
       Kite shield       |       |       |       |   265 |   715 ||   980

Table legend: (Time is in decaauts)
 A = Elapsed time spent in this place.
 B = Non-inter-level travel time spent in this place.
 C = Inter-level travel time spent in this place.
 D = Time resting spent in this place.
 E = Time spent auto-exploring this place.
 F = Levels seen in this place.
 G = Mean time per level.
                   A        B        C        D        E       F      G
               +--------+--------+--------+--------+--------+-----+--------+
         Total |  16599 |  15629 |    970 |    570 |  10999 |  20 |  830.0 |
       Dungeon |  11726 |  11000 |    726 |    568 |   7619 |  12 |  977.2 |
        Temple |    143 |    118 |     25 |      0 |    100 |   1 |  143.0 |
          Lair |   4518 |   4300 |    218 |      2 |   3280 |   5 |  903.6 |
       Ossuary |    141 |    141 |      0 |      0 |      0 |   1 |  141.0 |
      Gauntlet |     68 |     68 |      0 |      0 |      0 |   1 |   68.0 |
               +--------+--------+--------+--------+--------+-----+--------+

Top non-repeatable levels by time:
     D:5: 1546 daAuts
     D:6: 1217 daAuts
     D:3: 1100 daAuts
     D:1: 1051 daAuts
     D:4: 1032 daAuts
  Lair:4: 1000 daAuts
     D:8: 990 daAuts
     D:2: 966 daAuts
  Lair:3: 964 daAuts
    D:12: 883 daAuts
  Lair:5: 881 daAuts
  Lair:1: 874 daAuts
  Lair:2: 798 daAuts
    D:10: 797 daAuts
     D:7: 776 daAuts
